Map: [ESL] Cosmic Sapphire

Players

MaxPax - Winner!

  • Race: Protoss Protoss
  • Spawn Location: 11:00

Elazer

  • Race: Zerg Zerg
  • Spawn Location: 5:00

Event: DreamHack SC2 Masters 2022 Atlanta (Online)

VOD

Have the link to the VOD?

Description

Time

  • Played on: Oct. 13, 2022, 10:26 a.m.
  • Length: 15:02

All games in this series

Show
View Real Time Build Order
Export as new Build Order

MaxPax Protoss - Winner!

Build Orders: 1 Gate Expand, Oracle Opening 

Get SALT Encoding   

  12  0:00  Probe  
  13  0:12  Probe  
  14  0:19  Pylon  
  14  0:24  Probe  
  15  0:37  Probe (Chrono Boost)  
  15  0:39  Gateway  
  16  0:47  Probe (Chrono Boost)  
  16  0:48  Assimilator  
  17  0:52  Probe (Chrono Boost)  
  19  1:04  Probe  
  19  1:16  Probe  
  20  1:25  Nexus  
  20  1:34  Cybernetics Core  
  20  1:37  Probe  
  21  1:42  Assimilator  
  21  1:49  Probe  
  21  1:53  Pylon  
  22  2:01  Probe  
  22  2:08  Adept (Chrono Boost)  
  23  2:11  Warp Gate  
  23  2:13  Probe  
  26  2:25  Probe  
  26  2:28  Adept (Chrono Boost)  
  27  2:35  Stargate  
  29  2:37  Probe (Chrono Boost)  
  29  2:42  Probe (Chrono Boost)  
  31  2:48  Probe (Chrono Boost)  
  31  2:51  Stalker  
  35  2:52  Probe (Chrono Boost)  
  35  2:53  Probe (Chrono Boost)  
  36  3:02  Probe  
  36  3:03  Probe  
  38  3:14  Probe  
  38  3:16  Oracle (Chrono Boost), Probe  
  43  3:26  Probe, Pylon  
  44  3:28  Probe  
  45  3:38  Probe  
  46  3:44  Oracle (Chrono Boost), Probe, Pylon  
  50  3:49  Nexus  
  50  3:50  Probe  
  50  3:51  Pylon  
  51  3:56  Probe  
  51  4:02  Probe  
  53  4:03  Assimilator  
  53  4:04  Assimilator  
  53  4:09  Probe  
  54  4:13  Oracle (Chrono Boost)  
  54  4:14  Probe  
  54  4:15  Gateway  
  58  4:21  Probe  
  58  4:23  Gateway  
  59  4:26  Probe  
  59  4:29  Stalker  
  62  4:33  Probe  
  63  4:38  Probe  
  63  4:45  Probe  
  65  4:51  Probe (Chrono Boost)  
  66  4:53  Twilight Council, Forge  
  66  4:57  Probe (Chrono Boost)  
  67  5:03  Probe (Chrono Boost), Stalker  
  68  5:08  Shield Battery, Probe (Chrono Boost)  
  68  5:09  Probe (Chrono Boost)  
  68  5:11  Probe (Chrono Boost)  
  68  5:13  Probe (Chrono Boost)  
  69  5:15  Probe (Chrono Boost), Pylon  
  69  5:16  Probe  
  69  5:20  Stalker x2  
  76  5:23  Probe  
  76  5:24  Blink (Chrono Boost)  
  76  5:25  Protoss Ground Weapons Level 1 (Chrono Boost)  
  76  5:26  Stalker  
  76  5:27  Probe  
  80  5:29  Probe  
  81  5:35  Probe  
  81  5:39  Probe  
  81  5:41  Probe  
  84  5:46  Pylon  
  84  5:47  Stalker x2  
  84  5:48  Probe  
  84  5:49  Stalker  
  91  5:52  Probe  
  92  5:59  Probe  
  92  6:01  Gateway  
  92  6:02  Gateway  
  93  6:05  Gateway  
  93  6:08  Pylon x2  
  93  6:11  Nexus  
  93  6:12  Pylon  
  93  6:17  Stalker x2  
  97  6:24  Stalker  
  99  6:27  Probe  
  99  6:29  Probe  
  101  6:34  Probe  
  101  6:39  Probe  
  103  6:42  Shield Battery, Stalker  
  103  6:43  Stalker  
  103  6:44  Probe  
  106  6:55  Probe  
  106  6:57  Probe  
  106  6:58  Probe, Assimilator  
  106  6:59  Assimilator  
  109  7:04  Stalker x3  
  109  7:05  Templar Archives, Stalker  
  109  7:08  Charge (Chrono Boost), Photon Cannon  
  117  7:09  Pylon  
  117  7:12  Pylon  
  117  7:17  Pylon  
  117  7:19  Photon Cannon  
  117  7:20  Shield Battery  
  117  7:22  Pylon  
  117  7:24  Stalker  
  117  7:28  Zealot x5  
  129  7:33  Probe  
  129  7:34  Probe  
  131  7:39  Protoss Ground Weapons Level 2 (Chrono Boost)  
  133  7:51  Stalker x6  
  122  7:57  Gateway x2  
  126  8:01  Gateway  
  126  8:03  Shield Battery  
  126  8:05  Pylon  
  126  8:15  Stalker  
  126  8:22  Shield Battery  
  126  8:26  Probe x2  
  128  8:27  Probe, High Templar x2  
  128  8:28  High Templar x2  
  128  8:30  Assimilator  
  128  8:34  Pylon x2  
  135  8:35  Archon  
  135  8:36  Archon, Assimilator  
  135  8:37  Probe  
  135  8:38  Probe  
  135  8:39  High Templar  
  135  8:40  High Templar  
  141  8:41  Probe  
  141  8:44  Gateway  
  141  8:46  Archon  
  141  8:47  Photon Cannon  
  141  8:48  Probe  
  143  8:49  Pylon  
  133  8:57  High Templar x2  
  133  9:00  Photon Cannon, Stalker  
  139  9:03  Gateway  
  139  9:04  Archon, Gateway  
  139  9:08  Stalker x4  
  144  9:23  Stalker x3  
  146  9:30  High Templar x2  
  149  9:33  Zealot x2, Robotics Facility  
  149  9:34  Zealot  
  149  9:36  Archon  
  149  9:37  Zealot  
  155  9:43  Zealot  
  155  9:44  Probe  
  154  9:50  Zealot x3  
  160  9:59  Stalker x3  
  154  10:07  Probe  
  154  10:08  Zealot x6  
  154  10:18  Zealot x3  
  148  10:32  High Templar  
  148  10:33  High Templar x4  
  148  10:34  Photon Cannon, High Templar  
  142  10:37  Archon x3, Photon Cannon  
  142  10:39  Shield Battery  
  142  10:42  High Templar x2  
  146  10:43  Zealot x4  
  146  10:48  Archon  
  145  11:01  Probe x3  
  147  11:04  Zealot x2  
  147  11:05  Zealot x3, High Templar x2  
  147  11:06  Zealot x3  
  147  11:09  Archon, Protoss Ground Weapons Level 3 (Chrono Boost)  
  167  11:14  Photon Cannon  
  167  11:15  Pylon  
  167  11:18  Probe  
  168  11:19  Zealot x2  
  172  11:28  Stalker  
  172  11:29  Stalker x3  
  172  11:30  Zealot  
  180  11:39  Zealot x3  
  186  11:42  Probe  
  186  11:43  Probe  
  186  11:46  Probe  
  173  11:50  Probe  
  173  11:52  High Templar x2  
  164  11:55  Probe  
  164  11:57  Probe  
  156  12:01  Probe  
  156  12:02  Probe  
  156  12:05  Immortal (Chrono Boost)  
  154  12:09  High Templar  
  154  12:10  Sentry x2, High Templar  
  154  12:14  Archon  
  148  12:25  Nexus  
  148  12:28  High Templar x2  
  144  12:30  Photon Cannon  
  144  12:35  Archon  
  142  12:42  Immortal (Chrono Boost)  
  138  12:46  Zealot x6, High Templar x2  
  138  12:50  Archon  
  138  12:51  Archon  
  134  13:13  Stalker x7  
  134  13:14  Stalker x2  
  134  13:17  Probe  
  135  13:20  Probe  
  135  13:24  Probe  
  135  13:26  Zealot x3  
  143  13:32  Probe  
  144  13:34  Pylon  
  144  13:36  High Templar x2  
  144  13:37  Zealot x4  
  144  13:41  Archon  
  156  13:44  Probe  
  157  13:49  Zealot  
  157  13:50  Zealot x4  
  157  13:53  High Templar  
  169  13:58  Stalker x3  
  167  14:13  High Templar  
  167  14:14  High Templar x2  
  167  14:16  Probe  
  167  14:17  Probe  
  166  14:18  Archon  
  166  14:20  Photon Cannon  
  166  14:21  Shield Battery  
  166  14:23  Archon  
  166  14:27  Probe  
  166  14:30  Unknown  
  165  14:37  Zealot x9  
  179  14:39  Probe  
  179  14:40  Photon Cannon  
  179  14:45  Probe  
Show
View Real Time Build Order
Export as new Build Order

Elazer Zerg 

Build Orders: Hatch First 

Get SALT Encoding   

  12  0:00  Drone  
  13  0:11  Overlord  
  13  0:16  Drone  
  14  0:30  Drone x2  
  16  0:47  Hatchery  
  15  0:50  Drone  
  15  0:54  Drone  
  17  0:57  Drone  
  18  1:07  Extractor  
  17  1:14  Spawning Pool  
  17  1:16  Drone  
  17  1:20  Drone  
  18  1:27  Drone  
  19  1:38  Drone  
  20  1:48  Overlord  
  20  2:00  Queen x2  
  24  2:01  Zergling x2  
  24  2:02  Drone  
  26  2:11  Drone x2  
  26  2:14  Metabolic Boost  
  28  2:21  Drone x2  
  30  2:31  Drone  
  30  2:32  Drone  
  30  2:36  Queen  
  34  2:42  Overlord  
  34  2:43  Zergling x2  
  35  2:53  Hatchery  
  35  2:55  Zergling x2  
  35  2:56  Zergling x2  
  36  3:02  Queen  
  38  3:06  Drone  
  38  3:08  Drone x2  
  39  3:20  Queen  
  39  3:22  Overlord  
  39  3:25  Drone x2  
  43  3:35  Overlord  
  43  3:40  Drone x3  
  43  3:41  Drone  
  47  3:42  Queen  
  47  3:43  Drone  
  47  3:45  Drone  
  51  3:54  Drone x3  
  51  3:55  Spore Crawler  
  53  4:01  Drone x3  
  56  4:05  Queen  
  56  4:08  Drone x2  
  60  4:13  Drone x2  
  60  4:14  Drone  
  61  4:17  Overlord  
  61  4:20  Drone x2  
  63  4:27  Drone x2  
  65  4:31  Overlord  
  65  4:32  Extractor  
  65  4:33  Roach Warren  
  63  4:39  Drone x5  
  63  4:41  Drone  
  63  4:45  Drone x3  
  69  4:48  Drone x2  
  70  4:58  Drone x4  
  70  4:59  Drone  
  73  5:05  Drone x2  
  75  5:11  Overlord x2  
  75  5:13  Zergling x4  
  77  5:17  Overlord  
  77  5:19  Evolution Chamber  
  77  5:20  Drone  
  77  5:21  Drone x2, Hatchery  
  76  5:24  Drone x2  
  76  5:25  Extractor  
  76  5:26  Lair  
  79  5:28  Extractor  
  79  5:29  Overlord  
  79  5:32  Queen  
  80  5:37  Zergling x6  
  80  5:40  Zergling x6  
  80  5:42  Drone x2  
  88  5:43  Drone  
  88  5:47  Zerg Melee Weapons Level 1  
  88  5:48  Overlord  
  88  5:49  Drone  
  90  5:56  Zergling x2  
  90  5:57  Zergling x2  
  92  6:01  Zergling x10  
  96  6:08  Zergling x14  
  103  6:17  Zergling x4  
  105  6:25  Zergling x6  
  105  6:30  Zergling x8  
  105  6:32  Hatchery  
  103  6:34  Glial Reconstitution  
  103  6:40  Zergling x16  
  103  6:41  Zergling x2  
  109  6:48  Zergling x4  
  109  6:53  Zergling x4  
  110  6:56  Zergling x2  
  111  7:05  Zergling x14  
  118  7:10  Overlord  
  118  7:14  Roach  
  118  7:15  Roach x3  
  126  7:23  Roach  
  126  7:24  Overlord x3  
  126  7:28  Baneling Nest  
  124  7:31  Drone x10  
  134  7:39  Zergling x4  
  132  7:47  Zergling x18  
  132  7:57  Zerg Melee Weapons Level 2  
  132  8:01  Overlord  
  132  8:02  Roach x8  
  147  8:15  Zergling x24  
  158  8:27  Drone  
  158  8:28  Drone x3  
  158  8:29  Centrifugal Hooks  
  158  8:30  Overlord  
  158  8:31  Roach x5  
  158  8:32  Overlord x2  
  158  8:33  Overlord  
  172  8:34  Baneling x23  
  172  8:44  Baneling x7  
  172  8:50  Spine Crawler  
  172  8:55  Roach x11  
  190  9:01  Spine Crawler  
  189  9:03  Zergling x14  
  189  9:08  Zergling x8  
  195  9:24  Baneling x7  
  195  9:28  Zergling x8  
  195  9:29  Zergling x2  
  200  9:35  Baneling x6  
  200  9:36  Baneling x11  
  198  9:45  Baneling  
  198  9:46  Baneling x4  
  188  10:02  Zergling x2  
  188  10:03  Zergling x44  
  195  10:13  Zerg Missile Weapons Level 1  
  187  10:14  Zergling x26  
  187  10:15  Zergling x2  
  170  10:26  Roach x9  
  154  10:34  Roach x5  
  152  10:41  Baneling x10  
  152  10:44  Zergling x2  
  152  10:45  Zergling x8  
  152  10:48  Hatchery  
  149  10:58  Zergling x28  
  162  11:04  Drone, Extractor  
  162  11:05  Drone x3  
  162  11:06  Extractor  
  162  11:10  Drone x3  
  167  11:18  Roach x8  
  173  11:32  Roach x12  
  170  11:36  Baneling x4  
  170  11:39  Zergling x8  
  162  11:50  Zergling x2  
  162  11:51  Zergling x20  
  146  12:01  Roach x6  
  146  12:02  Queen x4  
  146  12:06  Hatchery  
  156  12:09  Zergling x2  
  147  12:19  Zergling x12  
  149  12:24  Zergling x8  
  152  12:37  Zergling x8  
  152  12:40  Hatchery, Ravager  
  152  12:42  Ravager x4  
  160  12:45  Zergling x8  
  162  12:56  Baneling x11  
  160  12:59  Zergling x2  
  160  13:00  Zergling x6  
  160  13:04  Roach  
  160  13:05  Roach  
  145  13:10  Roach x2  
  104  13:20  Zergling x10  
  104  13:22  Queen x3  
  104  13:26  Zergling x4  
  113  13:30  Baneling, Ravager  
  113  13:31  Baneling x7  
  113  13:32  Roach x3  
  120  13:44  Roach x5  
  128  13:54  Zergling x24  
  139  14:05  Zergling x14  
  138  14:13  Ravager  
  136  14:21  Hatchery  
  142  14:24  Roach x5  
  142  14:28  Zergling x2  
  143  14:36  Baneling x7  
  143  14:38  Baneling x11  
  141  14:42  Zergling x4  
Tags
 
Add a new tag
Caveats
  • Supply blocks, unpowered buildings, or Contaminate may cause inaccurate times.
  • Supply counts are checked every 10 seconds.